 Dungeon Crawl Stone Soup version 0.20-a0-540-ge6d1839 (webtiles) character file.

423 XO4YCPATb the Magician (level 6, -4/41 HPs)
             Began as a Mummy Venom Mage on Jan 29, 2017.
             Slain by Blork the orc
             ... wielding a +0 glaive
              (11 damage)
             ... on level 4 of the Dungeon.
             The game lasted 00:10:54 (4944 turns).

XO4YCPATb the Magician (Mummy Venom Mage)           Turns: 4944, Time: 00:10:54

Health: -4/41      AC:  4    Str: 11    XL:     6   Next: 63%
Magic:  6/13       EV: 12    Int: 16    God:
Gold:   201        SH:  0    Dex: 13    Spells: 7/14 levels left

rFire    x . .     SeeInvis .   f - +0 quarterstaff
rCold    + . .     Gourm    .   a - +1 robe
rNeg     + + +     Faith    .   (shield currently unavailable)
rPois    ∞         Spirit   .   i - +0 helmet
rElec    .         Reflect  .   (no cloak)
rCorr    .         Harm     .   (no gloves)
MR       .....     Rnd*Tele +   (no boots)
Stlth    ++........             e - amulet of inaccuracy (curse)
Regen    0.2/turn               (no ring)
                                g - ring of teleportation (curse)

@: no status effects
A: no food or potions, fire vulnerability, cold resistance 1, negative energy
resistance 3, torment resistance, unbreathing
a: no special abilities


You were on level 4 of the Dungeon.
You were not hungry.

You visited 1 branch of the dungeon, and saw 4 of its levels.

You collected 201 gold pieces.

Inventory:

Hand Weapons
 f - a +0 quarterstaff (weapon)
Armour
 a - a +1 robe (worn)
 i - a +0 helmet (worn)
Jewellery
 e - a cursed amulet of inaccuracy (around neck)
 g - a cursed ring of teleportation (left hand)
Wands
 h - a wand of flame (24/48)
Scrolls
 c - 2 scrolls of recharging
 d - 2 scrolls of enchant armour
 j - a scroll of fog
 k - a scroll of immolation
 l - 2 scrolls of teleportation
 m - 2 scrolls of identify
Books
 b - a Young Poisoner's Handbook

   Spells                             Type                      Level
   a - Sting                          Conjuration/Poison           1
   b - Poisonous Vapours              Poison/Air                   2
   c - Mephitic Cloud                 Conjuration/Poison/Air       3
   d - Olgreb's Toxic Radiance        Poison                       4
   e - Venom Bolt                     Conjuration/Poison           5


   Skills:
 * Level 1.6 Staves
 - Level 1.5 Dodging
 - Level 1.5 Stealth
 + Level 4.9 Spellcasting
 - Level 0.7 Conjurations
 - Level 3.2 Air Magic
 + Level 3.7 Poison Magic


You had 7 spell levels left.
You knew the following spells:

 Your Spells              Type           Power        Failure   Level  Hunger
a - Sting                 Conj/Pois      ##..         10%         1    N/A
b - Poisonous Vapours     Pois/Air       ###...       8%          2    N/A
c - Olgreb's Toxic Radia  Pois           ###.....     34%         4    N/A

Dungeon Overview and Level Annotations

Branches:
Dungeon (4/15)
 Temple: D:4-7

Altars:
Trog
Yredelemnul
Zin

Annotations:
D:3 Grinder
D:4 Blork the orc


Innate Abilities, Weirdness & Mutations

You do not eat or drink.
Your flesh is vulnerable to fire.
You are immune to poison.
Your flesh is cold resistant. (rC+)
You are immune to negative energy. (rN+++)
You are immune to unholy pain and torment.
You can survive without breathing.


Message History

The puff of flame hits you! The fire burns you terribly!
Blork the orc hits you with a glaive!
* * * LOW HITPOINT WARNING * * *
You closely miss Blork the orc.
Blork the orc is heavily wounded.
Blork the orc closely misses you.
You closely miss Blork the orc.
Blork the orc is heavily wounded.
Blork the orc barely misses you.
You hit Blork the orc.
Blork the orc is almost dead.
Blork the orc barely misses you. Blork the orc completely misses you.
You completely miss Blork the orc.
Blork the orc is almost dead.
Blork the orc points at you and mumbles some strange words.
The puff of frost misses you.
You hit Blork the orc.
Blork the orc is almost dead.
Blork the orc hits you with a glaive!
You die...

# ###..... # #....... #.......
###### #........ .....####
#......... ......).#
#####..........
........##########...............
.........#.......................
................@o...#...........
..[<..........#######...
..........##### .......%...#
#..........## ##..........#
###.....#### ##..### #..#


You could see Blork the orc.

Vanquished Creatures
  Sigmund (D:2)
  An ogre (D:3)
  Ijyb (D:2)
  Terence (D:2)
  Robin (D:2)
  2 adders (D:4)
  An ooze (D:1)
  3 worms
  3 dart slugs
  A leopard gecko (D:1)
  13 orcs
  5 bats
  4 giant cockroaches
  8 goblins
  12 hobgoblins
  2 jackals
  3 kobolds
  A quokka (D:3)
  3 frilled lizards
  A jackal skeleton (D:4)
  7 rats
74 creatures vanquished.

Notes
Turn   | Place    | Note
-------+----------+-------------------------------------------
     0 | D:1      | XO4YCPATb the Mummy Venom Mage began the quest for the Orb.
     0 | D:1      | Reached XP level 1. HP: 13/13 MP: 4/4
    82 | D:1      | Reached skill level 3 in Spellcasting
   133 | D:1      | Reached XP level 2. HP: 19/19 MP: 4/6
   137 | D:1      | Learned a level 2 spell: Poisonous Vapours
   858 | D:1      | Reached skill level 1 in Air Magic
  1102 | D:1      | Reached XP level 3. HP: 18/24 MP: 8/8
  1202 | D:2      | Noticed Terence
  1222 | D:2      | Killed Terence
  1389 | D:2      | Noticed Sigmund
  1738 | D:2      | Noticed Robin
  1975 | D:2      | Reached XP level 4. HP: 30/30 MP: 6/9
  2051 | D:2      | Learned a level 4 spell: Olgreb's Toxic Radiance
  2086 | D:2      | Noticed Ijyb
  2095 | D:2      | Killed Ijyb
  2095 | D:2      | Reached skill level 4 in Spellcasting
  2197 | D:2      | Killed Sigmund
  2197 | D:2      | Reached XP level 5. HP: 20/35 MP: 4/11
  2378 | D:2      | Killed Robin
  2378 | D:2      | Reached XP level 6. HP: 25/41 MP: 0/12
  3054 | D:3      | Found a basalt altar of Yredelemnul.
  3056 | D:3      | Found a glowing silver altar of Zin.
  3507 | D:3      | Noticed Grinder
  3507 | D:3      | Paralysed by Grinder for 5 turns
  3645 | D:3      | Found a bloodstained altar of Trog.
  3716 | D:3      | Reached skill level 1 in Staves
  4255 | D:4      | Noticed Blork the orc
  4944 | D:4      | Slain by Blork the orc

Vault maps used:
D:1:      mushboom_english_gardens
D:2:      uniq_iyjb, uniq_terence, uniq_robin, uniq_sigmund
D:3:      grunt_temple_overflow_open, lightli_temple_of_fire, first_bread,
          uniq_grinder, uniq_crazy_yiuf_cottage
D:4:      uniq_blork_the_orc

Skill      XL: |  1  2  3  4  5  6 |
---------------+-------------------+-----
Spellcasting   | 3 4 |  4.9
Air Magic      | 1 3 |  3.2
Poison Magic   | 3 |  3.7
Staves         | 1 |  1.6
Dodging        | |  1.5
Stealth        | |  1.5
Conjurations   | |  0.7

Action                   |  1- 3 |  4- 6 || total
-------------------------+-------+-------++-------
Melee: Unarmed           |     1 |       ||     1
       Spear             |    11 |       ||    11
       Dagger            |    13 |     7 ||    20
       Quarterstaff      |       |    58 ||    58
 Cast: Sting             |    14 |       ||    14
       Poisonous Vapours |    25 |    58 ||    83
       Olgreb's Toxic Ra |       |     3 ||     3
  Use: Scroll            |     5 |     2 ||     7
 Stab: Sleeping          |     2 |     2 ||     4
Armor: Robe              |     8 |    15 ||    23
Dodge: Dodged            |    24 |    58 ||    82
